 Dungeon Crawl Stone Soup version 0.25.1-2-g60ff931df9 (webtiles) character file.

Game seed: 16295256249537048394

32172 Erymatos the Severer (level 13, -1/125 HPs)
             Began as a Minotaur Berserker on Nov 12, 2020.
             Was a High Priest of Trog.
             Slain by a freezing wraith (12 damage)
             ... in an ice cave.
             The game lasted 00:37:39 (17964 turns).

Erymatos the Severer (Minotaur Berserker)          Turns: 17964, Time: 00:37:40

Health: -1/125     AC:  8    Str: 29    XL:     13   Next: 29%
Magic:  4/4        EV: 16    Int:  4    God:    Trog [*****.]
Gold:   467        SH:  0    Dex: 20    Spells: 12/12 levels left

rFire    . . .     SeeInvis .   J - +5 battleaxe (antimagic)
rCold    . . .     Gourm    .   (shield currently unavailable)
rNeg     . . .     Faith    .   g - +0 ring mail
rPois    .         Spirit   .   (helmet restricted)
rElec    .         Reflect  .   I - scarf {repulsion}
rCorr    .         Harm     .   (no gloves)
MR       .....                  (no boots)
Stlth    +.........             (no amulet)
HPRegen  0.30/turn              q - +6 ring of strength
MPRegen  0.09/turn              T - +6 ring of dexterity

@: berserk cooldown, slowed, repel missiles, very slow
A: retaliatory headbutt, horns 2
a: Berserk, Trog's Hand, Brothers in Arms, Renounce Religion


You were in an ice cave.
You worshipped Trog.
Trog was extremely pleased with you.
You were not hungry.

You visited 1 branch of the dungeon, and saw 15 of its levels.
You also visited: Ossuary and Ice Cave.

You collected 1027 gold pieces.
You spent 560 gold pieces at shops.

Inventory:

Hand Weapons
 a - a +0 hand axe
 E - a +5 hand axe
 H - the +6 dagger of the Shimmering Wasp {vorpal, rF+ Str+4}
   (You found it on level 5 of the Dungeon)

   It inflicts extra damage upon your enemies.
   It affects your strength (+4).
   It protects you from fire.
 J - a +5 antimagic battleaxe (weapon)
Armour
 b - a +0 animal skin
 g - a +0 ring mail (worn)
 k - a +0 cloak
 I - a scarf of repulsion (worn)
 M - the +5 plate armour of Depression {rF++ rC-}
   (You found it on level 7 of the Dungeon)

   It greatly protects you from fire.
   It makes you vulnerable to cold.
 Q - a scarf of invisibility
Jewellery
 q - a +6 ring of strength (left hand)
 t - an uncursed ring of fire
 v - an uncursed ring of magical power
 T - a +6 ring of dexterity (right hand)
 W - an uncursed ring of protection from magic
Wands
 s - a wand of digging (7)
 x - a wand of iceblast (23)
 G - a wand of disintegration (16)
 L - a wand of acid (14)
 N - a wand of enslavement (6)
 P - a wand of polymorph (4)
 S - a wand of paralysis (7)
Scrolls
 d - 5 scrolls of remove curse
 e - 11 scrolls of identify
 i - 7 scrolls of enchant weapon
 j - 3 scrolls of enchant armour
 m - 5 scrolls of blinking {unknown}
 p - 2 scrolls of amnesia {unknown}
 r - 4 scrolls of immolation {unknown}
 u - 15 scrolls of teleportation
 w - 4 scrolls of random uselessness {unknown}
 y - 3 scrolls of magic mapping {unknown}
 C - a scroll of fear {unknown}
 D - a scroll of noise {unknown}
 F - 2 scrolls of summoning {unknown}
 R - a scroll of acquirement {unknown}
 U - a scroll of fog
 Y - a scroll of vulnerability {unknown}
Potions
 f - 4 potions of cancellation
 h - 4 potions of might
 l - 2 potions of mutation
 n - 3 potions of lignification
 o - a potion of degeneration
 z - 3 potions of haste
 A - 2 potions of berserk rage
 B - 3 potions of heal wounds
 K - 4 potions of curing
 V - a potion of stabbing {unknown}
 X - 4 potions of brilliance {unknown}
Comestibles
 c - 22 rations


   Skills:
 + Level 14.4 Fighting
 + Level 16.7 Axes
 + Level 13.7 Armour
 + Level 6.2 Dodging


You had 12 spell levels left.
You didn't know any spells.
Your spell library was empty.

Dungeon Overview and Level Annotations

Branches:
Dungeon (15/15)            Temple (0/1) D:5            Lair (0/6) D:8
    Orc (0/2) D:9          Vaults (0/5) D:14        Ossuary (visited)
  IceCv (1/1)
 Depths: D:15

Altars:
Ashenzari
Nemelex Xobeh
Zin

Shops:
D:12 ?

Portals:
Trove: D:12 (give 2 scrolls of acquirement)

Annotations:
D:13 1 runed translucent door


Innate Abilities, Weirdness & Mutations

You reflexively headbutt those who attack you in melee.
You have a pair of horns on your head.


Message History

You slash the freezing wraith!
The freezing wraith is lightly damaged.
An ice beast comes into view.
The freezing wraith hits you. The freezing wraith freezes you!!
The freezing wraith barely misses you.
Unknown command.
You slice the freezing wraith!!
The freezing wraith is almost destroyed.
The freezing wraith hits you. The freezing wraith freezes you!!
The freezing wraith closely misses you.
A freezing wraith comes into view.
The freezing wraith hits you!
* * * LOW HITPOINT WARNING * * *
The freezing wraith freezes you!
* * * LOW HITPOINT WARNING * * *
The freezing wraith hits you but does no damage.
The freezing wraith hits you!
* * * LOW HITPOINT WARNING * * *
The freezing wraith freezes you!
You die...

##...##..# ##...####.##
##...## #..## #...##
##..# . ##..## #..## ..
#..###### ##..# ...
##.###...## #..## ....
#..##.....## ##..# .W...
#..#...#T..# #.@#.....#
#....####..# ##.WY#
#...## #..## ##.## ##.##
##..## ## ### #...##
##....## #### #......#
#### ##..##
##.....####..#####....##
#.......##....##.......#


You could see a freezing wraith and an ice beast.

Vanquished Creatures
  Josephine (D:10)
  A centaur warrior (D:15)
  A two-headed ogre (D:14)
  A wizard (D:15)
  Pikel (D:9)
  A necromancer (D:14)
  A deep elf mage (D:14)
  A manticore (D:13)
  8 ugly things
  3 cyclopes
  Joseph (D:8)
  3 freezing wraiths (IceCv)
  A polar bear (D:15)
  5 trolls
  A wolf spider simulacrum (IceCv)
  5 slime creatures
  2 hippogriffs
  2 vampires
  5 wraiths
  19 yaks
  3 water elementals (D:14)
  A wyvern (D:12)
  3 hungry ghosts
  2 steam dragons (D:11)
  3 vampire mosquitoes (D:15)
  A death yak simulacrum (IceCv)
  An acid dragon (D:11)
  3 wargs (D:8)
  A water moccasin (D:7)
  A slave (D:9)
  A hornet zombie (D:13)
  3 orc warriors
  7 ice beasts
  An eye of draining (D:10)
  3 phantoms
  4 sky beasts
  4 ogres
  2 black bears
  An eye of draining (shapeshifter) (D:14)
  9 centaurs
  2 big kobolds
  7 bullfrogs
  A wyvern skeleton (D:7)
  5 scorpions
  6 killer bees (D:8)
  13 wights
  4 electric eels (D:14)
  4 bullfrog zombies
  7 crimson imps
  A quasit (D:11)
  2 centaur zombies
  6 orc priests
  5 hounds
  11 jellies
  2 bullfrog skeletons
  6 centaur skeletons
  Ijyb (D:3)
  4 iguanas
  14 orc wizards
  8 worker ants
  A polar bear simulacrum (IceCv)
  A killer bee zombie (D:5)
  A wolf simulacrum (IceCv)
  A big kobold zombie (Ossuary)
  A hound zombie (D:8)
  3 hound skeletons
  8 mummies (Ossuary)
  Robin (D:3)
  A worker ant zombie (D:7)
  11 adders
  4 shadow imps
  15 white imps
  An ufetubus (D:15)
  19 oozes
  2 adder skeletons
  3 adder zombies
  5 worms
  3 dart slugs
  7 leopard geckos
  39 orcs
  A ball python (D:5)
  7 giant cockroaches
  3 gnoll zombies (Ossuary)
  17 goblins
  10 hobgoblins
  21 jackals
  5 quokkas
  8 bats
  8 frilled lizards
  13 kobolds
  A kobold zombie (Ossuary)
  3 orc zombies (Ossuary)
  2 quokka zombies
  6 rats
  2 fungi (D:6)
460 creatures vanquished.

Vanquished Creatures (collateral kills)
  A shadow dragon (D:14)
  A deep elf high priest (D:14)
  A two-headed ogre (D:14)
  An orc knight (D:14)
  A wolf spider zombie (D:15)
  2 ugly things (D:15)
  A cyclops (D:14)
  2 centaur zombies (D:12)
  2 freezing wraiths (IceCv)
  A komodo dragon (D:14)
  3 slime creatures (D:12)
  A hornet (D:12)
  4 yaks (D:12)
  A vampire (D:14)
  An orc warrior (D:14)
  2 ice beasts (IceCv)
  2 crocodiles (D:12)
  A crimson imp (D:15)
  A jelly (D:12)
  An orc wizard (D:12)
  2 orc priests
  An iguana (D:14)
  2 white imps (IceCv)
  3 orcs
38 creatures vanquished.

Vanquished Creatures (others)
  2 fungi (D:6)
  A plant (D:8)
3 creatures vanquished.

Grand Total: 501 creatures vanquished

Notes
Turn   | Place    | Note
-------+----------+-------------------------------------------
     0 | D:1      | Erymatos the Minotaur Berserker began the quest for the
                  | Orb.
     0 | D:1      | Reached XP level 1. HP: 19/19 MP: 0/0
   340 | D:1      | Reached skill level 4 in Axes
   340 | D:1      | Reached XP level 2. HP: 24/27 MP: 1/1
  1148 | D:2      | Reached XP level 3. HP: 31/33 MP: 2/2
  1302 | D:2      | Reached ** piety under Trog
  2349 | D:3      | Noticed Robin
  2373 | D:3      | Reached XP level 4. HP: 32/41 MP: 3/3
  2380 | D:3      | Killed Robin
  2380 | D:3      | Reached skill level 5 in Axes
  2532 | D:3      | Noticed Ijyb
  2550 | D:3      | Killed Ijyb
  2700 | D:3      | Reached XP level 5. HP: 46/47 MP: 4/4
  2725 | D:3      | Reached *** piety under Trog
  3111 | D:4      | Reached skill level 6 in Axes
  3113 | D:4      | Reached XP level 6. HP: 38/55 MP: 5/5
  3354 | D:4      | Reached skill level 5 in Fighting
  3354 | D:4      | Reached skill level 7 in Axes
  3551 | D:4      | Reached **** piety under Trog
  3709 | D:4      | Reached XP level 7. HP: 52/61 MP: 6/6
  3841 | D:5      | Entered Level 5 of the Dungeon
  3857 | D:5      | Reached skill level 8 in Axes
  3860 | D:5      | Reached skill level 5 in Armour
  4056 | D:5      | Found a sand-covered staircase.
  4065 | Ossuary  | Entered an ossuary
  4635 | D:5      | Reached XP level 8. HP: 61/70 MP: 7/7
  4765 | D:5      | Reached skill level 9 in Axes
  4970 | D:5      | Found a staircase to the Ecumenical Temple.
  5207 | D:5      | Got a crude dagger
  5208 | D:5      | Identified the +6 dagger of the Shimmering Wasp {vorpal,
                  | rF+ Str+4} (You found it on level 5 of the Dungeon)
  5476 | D:5      | Reached ***** piety under Trog
  6249 | D:6      | Reached skill level 10 in Axes
  6467 | D:6      | Noticed a slime creature
  6476 | D:6      | Killed a slime creature
  6476 | D:6      | Reached XP level 9. HP: 79/79 MP: 8/8
  7188 | D:7      | Reached skill level 5 in Dodging
  7225 | D:7      | Received a gift from Trog
  7518 | D:7      | Reached skill level 11 in Axes
  7712 | D:7      | Found a shattered altar of Ashenzari.
  7743 | D:7      | Got a transparent plate armour
  7755 | D:7      | Identified the +5 plate armour of Depression {rF++ rC-}
                  | (You found it on level 7 of the Dungeon)
  8178 | D:8      | Noticed Joseph
  8187 | D:8      | Killed Joseph
  8187 | D:8      | Reached XP level 10. HP: 89/90 MP: 9/9
  8324 | D:8      | Reached skill level 12 in Axes
  8390 | D:8      | Found a staircase to the Lair.
  8408 | D:8      | Received a gift from Trog
  8490 | D:8      | Identified the +9 ring mail "Fuppasum" {+Inv}
  9340 | D:9      | Noticed a lindwurm
  9340 | D:9      | Noticed a lindwurm
  9486 | D:9      | Noticed Pikel
  9493 | D:9      | Killed Pikel
  9493 | D:9      | Reached skill level 13 in Axes
  9599 | D:9      | Found a staircase to the Orcish Mines.
  9666 | D:9      | Noticed a lindwurm
  9714 | D:10     | Entered Level 10 of the Dungeon
  9820 | D:10     | Reached skill level 10 in Fighting
 10161 | D:10     | Reached XP level 11. HP: 92/101 MP: 10/10
 10843 | D:10     | Noticed Josephine
 10854 | D:10     | Reached skill level 14 in Axes
 10856 | D:10     | Killed Josephine
 10856 | D:10     | Reached skill level 10 in Armour
 11158 | D:11     | Received a gift from Trog
 12583 | D:12     | Found a portal to a secret trove of treasure.
 12605 | D:12     | Found Asashr Mipp's Magic Scroll Shop.
 12657 | D:12     | Bought a scroll of enchant weapon for 120 gold pieces
 12657 | D:12     | Bought a scroll of identify for 32 gold pieces
 12657 | D:12     | Bought a scroll of enchant armour for 120 gold pieces
 12657 | D:12     | Bought a scroll of teleportation for 48 gold pieces
 12657 | D:12     | Bought a scroll of fog for 32 gold pieces
 12657 | D:12     | Bought a scroll of identify for 32 gold pieces
 12657 | D:12     | Bought a scroll of identify for 32 gold pieces
 12657 | D:12     | Bought 3 scrolls of teleportation for 144 gold pieces
 13277 | D:13     | Reached skill level 15 in Axes
 13380 | D:13     | Found a glowing silver altar of Zin.
 13380 | D:13     | Found a runed translucent door.
 13380 | D:13     | Noticed a daeva
 13441 | D:13     | Noticed a centaur warrior
 13460 | D:13     | Reached XP level 12. HP: 68/113 MP: 11/11
 14676 | D:14     | Noticed a two-headed ogre
 14682 | D:14     | Killed a two-headed ogre
 14790 | D:14     | Noticed a shadow dragon
 14803 | D:14     | Killed a shadow dragon
 14806 | D:14     | Noticed a deep elf high priest
 14818 | D:14     | Killed a deep elf high priest
 14818 | D:14     | Reached skill level 16 in Axes
 14911 | D:14     | Noticed a two-headed ogre
 14917 | D:14     | Killed a two-headed ogre
 14920 | D:14     | Found a glowing silver altar of Zin.
 14920 | D:14     | Found a sparkling altar of Nemelex Xobeh.
 15272 | D:14     | Found a gate to the Vaults.
 16994 | D:15     | Entered Level 15 of the Dungeon
 17011 | D:15     | Reached XP level 13. HP: 102/124 MP: 12/12
 17179 | D:15     | Received a gift from Trog
 17291 | D:15     | Found a frozen archway.
 17310 | IceCv    | Entered an ice cave
 17964 | IceCv    | Slain by a freezing wraith

Illustrated notes

Levels and vault maps discovered:
D:1:      dpeg_arrival_three_smaller_balls, layout_basic
D:2:      layout_basic
D:3:      layout_rooms, uniq_robin, uniq_ijyb
D:4:      layout_basic
D:5:      black_bear_nest_2, layout_gridville, minmay_temple_entry_offerings,
          first_ration, lightli_ossuary_entry_decrepit_ruins,
          minmay_manual_mandibuliform
D:6:      lemuel_slime, layout_loops_ring
D:7:      layout_loops_cross, ashenzari_conservatory_becter, grunt_ogre_cave
D:8:      layout_rooms, erik_lair_orcish_takeover, uniq_joseph
D:9:      layout_roguey, orc_0_dummy, minmay_lindwurm_lava, uniq_pikel
D:10:     layout_roguey, uniq_josephine
D:11:     layout_roguey
D:12:     wander_river, layout_cross, serial_shops, nicolae_shop_waterfront,
          nicolae_trove_entry_diagonal, small_statue_intersection,
          grunt_decor_mini_mirrors, moated_statue
D:13:     layout_stronghold, lemuel_angel_altar
D:14:     layout_basic, david_vaults_1, jmf_multi_god_temple
D:15:     grunt_enter_depths_hoard, layout_loops_ring, eino_curves_01,
          serial_ice, serial_ice_f, serial_ice_h, serial_ice_b, serial_ice_g,
          serial_ice_e, serial_ice_o, serial_ice_n, serial_ice_j,
          portal_ice_cave_entry_imps
IceCv:    ice_cave_small_necro

Skill      XL: |  1  2  3  4  5  6  7  8  9 10 11 12 |
---------------+-------------------------------------+-----
Fighting       | 4 5 7 8 10 12 14 | 14.4
Axes           | 4 5 6 7 8 10 11 13 15 16 | 16.7
Armour         | 3 4 5 7 8 9 11 13 | 13.7
Dodging        | 3 4 5 6 |  6.2

Action                   |  1- 3 |  4- 6 |  7- 9 | 10-12 | 13-15 || total
-------------------------+-------+-------+-------+-------+-------++-------
Melee: Hand axe          |    97 |   124 |   223 |   620 |    72 ||  1136
       Headbutt          |    19 |    31 |    65 |   210 |    31 ||   356
       Dagger            |       |       |    46 |       |       ||    46
       Battleaxe         |       |       |       |       |    24 ||    24
Invok: Berserk           |     2 |     1 |     6 |     4 |     4 ||    17
       Brothers in Arms  |       |       |       |     5 |     3 ||     8
       Trog's Hand       |       |       |       |     3 |       ||     3
  Use: Scroll            |       |       |     8 |     1 |       ||     9
 Stab: Distracted        |       |       |       |     2 |       ||     2
  Eat: Chunk             |     5 |     6 |    12 |    26 |     2 ||    51
       Ration            |       |       |     2 |     3 |     3 ||     8
Armor: Animal skin       |    12 |       |       |       |       ||    12
       Ring mail         |     4 |    46 |    59 |       |    16 ||   125
       Plate armour      |       |       |    18 |   261 |    45 ||   324
Dodge: Dodged            |    55 |    80 |   142 |   218 |    51 ||   546
       Repelled          |       |       |     2 |    11 |     4 ||    17
